 Dungeon Crawl Stone Soup version 0.25-a0-992-gca090100c3 (webtiles) character file.

Game seed: 1825506392256532021, levelgen mode: deterministic

137 MisterFreud the Slasher (level 5, -3/37 HPs)
             Began as an Octopode Gladiator on May 10, 2020.
             Slain by an ogre
             ... wielding a +0 giant club
              (17 damage)
             ... on level 3 of the Dungeon.
             The game lasted 00:03:16 (3515 turns).

MisterFreud the Slasher (Octopode Gladiator)        Turns: 3515, Time: 00:03:16

Health: -3/37      AC:  1    Str: 13    XL:     5   Next: 20%
Magic:  5/5        EV: 13    Int: 12    God:
Gold:   182        SH:  0    Dex: 13    Spells: 4/4 levels left

rFire    + . .     SeeInvis .   a - +0 long sword
rCold    . . .     Gourm    .   (no shield)
rNeg     . . .     Faith    .   b - +0 hat
rPois    .         Spirit   .   (no amulet)
rElec    .         Reflect  .   q - ring of protection from fire
rCorr    .         Harm     .   (no ring)
MR       .....                  (no ring)
Stlth    ++........             (no ring)
HPRegen  0.12/turn              (no ring)
MPRegen  0.09/turn              (no ring)
                                (no ring)
                                (no ring)

@: drained
A: almost no armour, stealthy swim, amphibious, 8 rings, constrict 8, camouflage
1, gelatinous body 1
a: no special abilities


You were on level 3 of the Dungeon.
You were not hungry.

You visited 1 branch of the dungeon, and saw 5 of its levels.

You collected 182 gold pieces.

Inventory:

Hand Weapons
 a - a +0 long sword (weapon)
Missiles
 c - 3 throwing nets (quivered)
 r - 23 stones
 s - 8 boomerangs
Armour
 b - a +0 hat (worn)
Jewellery
 q - a ring of protection from fire (left tentacle)
Scrolls
 e - 3 scrolls of teleportation {unknown}
 f - 4 scrolls of identify {unknown}
 h - a scroll of immolation {unknown}
 i - a scroll of blinking {unknown}
 j - 2 scrolls of fog {unknown}
 k - 2 scrolls of noise {unknown}
 m - a scroll of amnesia {unknown}
 n - a scroll of remove curse {unknown}
 p - 3 scrolls of enchant weapon {unknown}
Potions
 g - 2 potions of curing
 l - a potion of haste {unknown}
 o - a potion of stabbing {unknown}
Comestibles
 d - 7 rations


   Skills:
 - Level 4.0(3.0) Fighting
 + Level 4.5(3.5) Long Blades
 - Level 2.0(1.1) Throwing
 - Level 3.0(2.1) Dodging


You had 4 spell levels left.
You didn't know any spells.
Your spell library was empty.

Dungeon Overview and Level Annotations

Branches:
Dungeon (5/15)
 Temple: D:4-7

Altars:
Fedhas
Okawaru

Annotations:
D:5 Sigmund


Innate Abilities, Weirdness & Mutations

You cannot wear most types of armour.
You are very stealthy in the water. (Stealth+)
You are amphibious.
You can wear up to eight rings at the same time.
You can use your tentacles to constrict eight enemies at once.
Your skin changes colour to match your surroundings (Stealth+).
Your rubbery body absorbs attacks. (AC +1, EV +1)


Message History

The bat misses you. The bat barely misses you.
You riposte.
You hit the bat.
You kill the bat!
You slash the ooze!
The ooze is severely wounded.
The ooze misses you.
You riposte.
You hit the ooze.
You kill the ooze!
The ogre hits you but does no damage.
You aren't carrying any items that you can evoke.
Unknown command.
Unknown command.
Unknown command.
You barely miss the ogre. You hit the ogre but do no damage.
Your squeeze misses the ogre.
The ogre hits you with a +0 giant club!!
Ouch! That really hurt!
You slash the ogre!
The ogre is moderately wounded.
The ogre hits you with a +0 giant club!
You die...

#.........# #
#O..#### # ########
#......# # .......#
#......# # #....#
#.#....#
+....######.#....#
#.......#...#..$.#
#...###.#O### ...#
#...#.#.#@# ...#
#...#...#.# ..#
#...#.#...# #####
###.#.#.### ###....
#...#.#.# #...##.
#.###.#.# ##.####.
#.......###
#.....รท.
#.........##
#..####.
####......#...#####
#..# #.


You could see an ogre.

Vanquished Creatures
  A worker ant (D:4)
  A howler monkey skeleton (D:4)
  2 adders
  2 oozes
  A worm (D:2)
  3 dart slugs
  A leopard gecko (D:4)
  3 orcs
  4 giant cockroaches
  5 goblins
  8 hobgoblins
  5 jackals
  3 ball pythons
  10 bats
  4 frilled lizards
  4 kobolds (D:1)
  5 rats
62 creatures vanquished.

Notes
Turn   | Place    | Note
-------+----------+-------------------------------------------
     0 | D:1      | MisterFreud the Octopode Gladiator began the quest for the
                  | Orb.
     0 | D:1      | Reached XP level 1. HP: 14/14 MP: 1/1
   203 | D:1      | Reached XP level 2. HP: 19/20 MP: 2/2
   832 | D:1      | Reached XP level 3. HP: 23/26 MP: 3/3
  1609 | D:2      | Found a blossoming altar of Fedhas.
  2127 | D:3      | Reached XP level 4. HP: 33/33 MP: 4/4
  2364 | D:4      | Noticed a centaur
  2366 | D:5      | Entered Level 5 of the Dungeon
  2366 | D:5      | Noticed Sigmund
  2992 | D:3      | Reached XP level 5. HP: 37/37 MP: 5/5
  3443 | D:3      | Found an iron altar of Okawaru.
  3495 | D:3      | Noticed an ogre
  3515 | D:3      | Slain by an ogre

Illustrated notes

Levels and vault maps discovered:
D:1:      nzn_arrival_settlement, layout_basic, minmay_bisected
D:2:      layout_rooms, lemuel_round_altar, chequers_big_river
D:3:      layout_basic, first_ration, okawaru_ov_weapons_minmay
D:4:      layout_rooms, overflow_temple_1_default, nemelex_altar_shiori,
          grunt_ministairs_8
D:5:      layout_basic, slow_altar_1, gammafunk_temple_overflow_claw,
          minmay_temple_entry_wispy, serial_shops, shop, tso_altar, uniq_pikel,
          uniq_sigmund

Skill      XL: |  1  2  3  4 |
---------------+-------------+-----
Fighting       | 3 4 |  4.0
Long Blades    | 4 |  4.5
Throwing       | |  2.0
Dodging        | |  3.0

Action                   |  1- 3 |  4- 6 || total
-------------------------+-------+-------++-------
Melee: Long sword        |    66 |    44 ||   110
       Constrict         |    25 |    11 ||    36
       Tentacles         |    13 |    10 ||    23
  Use: Potion            |       |     1 ||     1
 Stab: Sleeping          |     6 |     4 ||    10
  Eat: Chunk             |     4 |     4 ||     8
Armor: Skin              |     2 |     4 ||     6
Dodge: Dodged            |    42 |    41 ||    83
       Rpst.: Long sword |    10 |    15 ||    25

Table legend:
 A = Non-vault XP
 B = Vault XP
 C = Vault XP percentage of total XP
 D = Non-vault monster count
 E = Vault monster count
 F = Vault count percentage of total count
                 A         B        C        D         E       F
            +---------+---------+-------+---------+---------+-------
      Total |     192 |       4 |   2.0 |      59 |       3 |   4.8
            +---------+---------+-------+---------+---------+-------
        D:1 |      37 |       4 |   9.8 |      20 |       3 |  13.0
        D:2 |      39 |       0 |   0.0 |      13 |       0 |   0.0
        D:3 |      48 |       0 |   0.0 |      18 |       0 |   0.0
        D:4 |      68 |       0 |   0.0 |       8 |       0 |   0.0
            +---------+---------+-------+---------+---------+-------
